 Dungeon Crawl Stone Soup version 0.30.0 (webtiles) character file.

Game seed: 7701809047421590196

163 Jarnaxa the Magician (level 5, -2/28 HPs)
             Began as a Deep Elf Earth Elementalist on May 6, 2023.
             Slain by an iguana (4 damage)
             ... on level 4 of the Dungeon.
             The game lasted 00:12:38 (2805 turns).

Jarnaxa the Magician (Deep Elf Earth Elementalist)  Turns: 2805, Time: 00:12:39

Health: -2/28      AC:  3    Str:  5    XL:     5   Next: 20%
Magic:  10/14      EV: 17    Int: 22    God:
Gold:   155        SH:  0    Dex: 15    Spells: 10/14 levels left

rFire   . . .        g - +3 dagger (elec)
rCold   . . .        (no shield)
rNeg    . . .        a - +1 robe
rPois   .            q - +0 hat
rElec   .            (no cloak)
rCorr   .            (no gloves)
SInv    .            (no boots)
Will    .....        (no amulet)
Stlth   ++           j - +5 ring of evasion
HPRegen 0.24/turn    (no ring)
MPRegen 0.14/turn

%: no passive effects
@: no status effects
A: no striking features
a: no special abilities


You were on level 4 of the Dungeon.
You visited 1 branch of the dungeon, and saw 4 of its levels.

You collected 155 gold pieces.

Inventory:

Hand Weapons
 g - a +3 dagger of electrocution (weapon)
Armour
 a - a +1 robe (worn)
 q - a +0 hat (worn)
Jewellery
 j - a +5 ring of evasion (left hand)
Scrolls
 c - a scroll of fog
 l - a scroll of brand weapon {unknown}
 o - a scroll of noise {unknown}
Potions
 b - a potion of magic
 d - 2 potions of resistance
 e - a potion of flight
 f - a potion of degeneration {unknown}
 h - 3 potions of brilliance {unknown}
 i - a potion of curing {unknown}
 k - a potion of might {unknown}
 m - a potion of attraction {unknown}
 n - a potion of cancellation {unknown}
 p - a potion of invisibility {unknown}
 r - a potion of heal wounds {unknown}


   Skills:
 - Level 2.4 Dodging
 - Level 2.5 Stealth
 + Level 5.1 Spellcasting
 * Level 1.6 Conjurations
 + Level 1.1 Transmutations
 + Level 5.0 Earth Magic


You had 10 spell levels left.
You knew the following spells:

 Your Spells              Type           Power      Damage    Failure   Level
a - Sandblast             Erth           56%        2d13      1%          1
b - Stone Arrow           Conj/Erth      40%        3d9       8%          3

Your spell library contained the following spells:

 Spells                   Type           Power      Damage    Failure   Level
 Passwall                 Tmut/Erth      15%        N/A       4%          2
 Petrify                  Tmut/Erth      19%        N/A       28%         4
 Tukima's Dance           Hex            5%         N/A       30%         3
 Passage of Golubria      Tloc           5%         N/A       69%         4
 Yara's Violent Unravell  Hex/Tmut       4%         3d4       92%         5


Dungeon Overview and Level Annotations

Branches:
Dungeon (4/15)
 Temple: D:4-7

Altars:


Message History

An endoplasm is nearby!
The blast of sand hits the endoplasm!
You kill the endoplasm!
You can't see any susceptible monsters within range! (Use Z to cast anyway.)
An iguana comes into view.
You see here 18 gold pieces.
An iguana is nearby!
A giant cockroach comes into view.
The blast of sand hits the giant cockroach!
You kill the giant cockroach!
You can't see any susceptible monsters within range! (Use Z to cast anyway.)
You can't see any susceptible monsters within range! (Use Z to cast anyway.)
Found 14 gold pieces.
The iguana hisses angrily.
The blast of sand misses the iguana.
The iguana bites you!
The blast of sand hits the iguana!
The iguana is heavily wounded.
The iguana bites you!
* * * LOW HITPOINT WARNING * * *
The iguana closely misses you.
You are too injured to fight recklessly!
You are too injured to fight recklessly!
Casting: Sandblast (safe; 1% risk of failure)
Confirm with . or Enter, or press ? or * to list all spells.
Aiming: Sandblast (safe; 1% risk of failure)
Press: ? - help, Shift-Dir - straight line, f/p - iguana
Aim: an iguana (heavily wounded, 85% to hit)
The blast of sand hits the iguana but does no damage.
The iguana is heavily wounded.
The iguana bites you.
* * * LOW HITPOINT WARNING * * *
Casting: Sandblast (safe; 1% risk of failure)
Confirm with . or Enter, or press ? or * to list all spells.
Aiming: Sandblast (safe; 1% risk of failure)
Press: ? - help, Shift-Dir - straight line, f/p - iguana
Aim: an iguana (heavily wounded, 85% to hit)
The blast of sand hits the iguana.
The iguana is severely wounded.
The iguana misses you. The iguana bites you.
You die...

###'#...#+# #...#####..
+..##.......
######....... ##
#.........>..
...####+####.$..........
........................
..$.............#.......
......l@........#.......
.........########.......
.........# ########
##########


You could see an iguana.

Vanquished Creatures
  A hound (D:4)
  An orc priest (D:3)
  2 adders
  2 worms (D:2)
  3 dart slugs
  3 orcs (D:3)
  4 ball pythons
  4 bats
  7 endoplasms
  2 giant cockroaches
  7 goblins
  2 hobgoblins
  4 jackals
  10 kobolds
  2 quokkas
  5 frilled lizards
  5 rats (D:1)
64 creatures vanquished.

Vanquished Creatures (others)
  15 plants (D:3)
15 creatures vanquished.

Grand Total: 79 creatures vanquished

Notes
Turn   | Place    | Note
-------+----------+-------------------------------------------
     0 | D:1      | Jarnaxa the Deep Elf Earth Elementalist began the quest for
                  | the Orb.
     0 | D:1      | Reached XP level 1. HP: 10/10 MP: 6/6
   113 | D:1      | Reached XP level 2. HP: 15/15 MP: 6/8
   704 | D:2      | Reached XP level 3. HP: 16/19 MP: 7/10
   708 | D:2      | Learned a level 3 spell: Stone Arrow
   726 | D:2      | Identified the +2 ring mail of Grace {-Tele rF++ Dex+6}
  1251 | D:3      | Reached XP level 4. HP: 24/24 MP: 10/12
  1299 | D:3      | Reached skill level 1 in Conjurations
  2741 | D:4      | Reached skill level 5 in Spellcasting
  2741 | D:4      | Reached skill level 5 in Earth Magic
  2741 | D:4      | Reached XP level 5. HP: 28/28 MP: 9/14
  2805 | D:4      | Slain by an iguana

Illustrated notes

Levels and vault maps discovered:
D:1:      scummos_arrival_forest, layout_rooms
D:2:      layout_basic
D:3:      layout_loops_ring, serial_bayou_lagoon_b
D:4:      nicolae_cairo_tiling_very_big, layout_rooms, lemuel_doored_altar,
          hangedman_decor_peaks_small, amcnicky_mini_corridor_feature

Skill      XL: |  1  2  3  4 |
---------------+-------------+-----
Earth Magic    | 4 5 |  5.0
Spellcasting   | 4 5 |  5.1
Conjurations   | 1 |  1.6
Dodging        | |  2.4
Stealth        | |  2.5
Transmutations | |  1.1

Action                     |  1- 3 |  4- 6 || total
---------------------------+-------+-------++-------
  Melee: Dagger            |       |     1 ||     1
   Cast: Sandblast         |    48 |    38 ||    86
    Use: Scroll            |       |     7 ||     7
 Armour: Robe              |       |     1 ||     1
  Dodge: Dodged            |     4 |    11 ||    15
